MLB
SAN DIEGO PADRES @ ST. LOUIS CARDINALS
03/16/2048
 
TOP OF THE 1ST
San Diego Padres batting - Pitching for St. Louis Cardinals : LHP Danny Rivera
Pitching: LHP Danny Rivera
Batting: SHB Phil Zacharia 0-0: Swinging Strike
0-1: Ball
1-1: Ball
2-1: Foul Ball, location: 2F
2-2: SINGLE (Line Drive, 89M, EV 98.8 MPH)
Batting: RHB Elijah Campbell 0-0: Called Strike
0-1: Swinging Strike
0-2: Strikes out looking
Batting: RHB Manny Vergara Pickoff Throw to First - Error! E1
Phil Zacharia to second
0-0: Called Strike
0-1: Fly out, F9 (Flyball, 89M, EV 91.9 MPH)
Batting: RHB Luis Torres 0-0: Called Strike
0-1: Ball
1-1: SINGLE (Groundball, 34D, EV 98.8 MPH)
Phil Zacharia to third
Runner from 3rd tries for Home, SAFE, throw by RF to home
Batting: RHB Eisse Bravenboer 0-0: Ball
1-0: Called Strike
1-1: Foul Ball, location: 2F
1-2: Strikes out swinging
Top of the 1st over - 1 run, 2 hits, 1 error, 1 left on base; San Diego 1 - St. Louis 0
BOTTOM OF THE 1ST
St. Louis Cardinals batting - Pitching for San Diego Padres : LHP Matt Wheeler
Pitching: LHP Matt Wheeler
Batting: RHB Mike Bates 0-0: SINGLE (Groundball, 56D, EV 103.8 MPH)
Batting: SHB Antoine Roux 0-0: Ball
1-0: Foul Ball, location: 2F
1-1: Ball
2-1: Grounds into double play, 4-6-3 (Groundball, 4, EV 100.0 MPH)
Batting: LHB Ichiro Toyota 0-0: SINGLE (Flyball, 8LS, EV 99.4 MPH)
Batting: RHB Melvin Enriquez 0-0: Called Strike
Ichiro Toyota steals 2nd base
0-1: DOUBLE (Line Drive, 9LM, EV 113.1 MPH)
Ichiro Toyota scores
Batting: RHB Danny Gallo 0-0: Ball
1-0: Called Strike
1-1: Ball
2-1: Ball
3-1: Fly out, F9 (Flyball, 89XD, EV 83.1 MPH)
Bottom of the 1st over - 1 run, 3 hits, 0 errors, 1 left on base; San Diego 1 - St. Louis 1
TOP OF THE 2ND
San Diego Padres batting - Pitching for St. Louis Cardinals : LHP Danny Rivera
Batting: RHB Kaeo Zirpoli 0-0: Called Strike
0-1: Foul Ball, location: 2F
0-2: Ball
1-2: Ball
2-2: Foul Ball, location: 2F
2-2: SINGLE (Groundball, 34S, EV 67.5 MPH) (infield hit)
Batting: RHB Wally Cangro 0-0: Called Strike
0-1: Ball
1-1: Called Strike
1-2: Fielders Choice at 2nd, 1-6 (Groundball, 13, EV 65.0 MPH)
Batting: RHB Jose Morrissey 0-0: Ball
1-0: Ball
2-0: Fly out, F3 (Popup, 3S, EV 81.2 MPH)
Batting: LHB Mike Holt 0-0: Ball
1-0: Called Strike
1-1: Swinging Strike
1-2: Strikes out looking
Top of the 2nd over - 0 runs, 1 hit, 0 errors, 1 left on base; San Diego 1 - St. Louis 1
BOTTOM OF THE 2ND
St. Louis Cardinals batting - Pitching for San Diego Padres : LHP Matt Wheeler
Batting: SHB Chris Blue 0-0: Ground out 6-3 (Groundball, 6, EV 76.9 MPH)
Batting: SHB Harry Hoop 0-0: Called Strike
0-1: Ball
1-1: Foul Ball, location: 2F
1-2: Strikes out swinging
Batting: SHB Jason Kirby 0-0: Foul Ball, location: 2F
0-1: Ground out 6-3 (Groundball, 6, EV 86.9 MPH)
Bottom of the 2nd over - 0 runs, 0 hits, 0 errors, 0 left on base; San Diego 1 - St. Louis 1
TOP OF THE 3RD
San Diego Padres batting - Pitching for St. Louis Cardinals : LHP Danny Rivera
Batting: SHB Phil Zacharia 0-0: Ball
1-0: Swinging Strike
1-1: Swinging Strike
1-2: Foul Ball, location: 2F
1-2: Ground out U3 (Groundball, 13, EV 86.9 MPH)
Batting: RHB Elijah Campbell 0-0: Foul Ball, location: 2F
0-1: Ball
1-1: Ground out 4-3 (Groundball, 4, EV 81.2 MPH)
Batting: RHB Manny Vergara 0-0: Ball
1-0: Called Strike
1-1: Ball
2-1: Ball
3-1: Called Strike
3-2: Strikes out swinging
Top of the 3rd over - 0 runs, 0 hits, 0 errors, 0 left on base; San Diego 1 - St. Louis 1
BOTTOM OF THE 3RD
St. Louis Cardinals batting - Pitching for San Diego Padres : LHP Matt Wheeler
Batting: RHB Fabrice Bertin 0-0: Fly out, F8 (Line Drive, 8RD, EV 86.2 MPH)
Batting: RHB Mike Bates 0-0: Called Strike
0-1: Fly out, F8 (Flyball, 78XD, EV 102.5 MPH)
Batting: SHB Antoine Roux 0-0: Ball
1-0: Called Strike
1-1: Foul Ball, location: 2F
1-2: Fly out, F8 (Line Drive, 89D, EV 95.6 MPH)
Bottom of the 3rd over - 0 runs, 0 hits, 0 errors, 0 left on base; San Diego 1 - St. Louis 1
TOP OF THE 4TH
San Diego Padres batting - Pitching for St. Louis Cardinals : LHP Danny Rivera
DELAY Rain delay of 31 minutes in the 4th inning.
Pitching: LHP Kenji Yokoyama
Batting: RHB Luis Torres 0-0: Called Strike
0-1: Swinging Strike
0-2: Foul Ball, location: 2F
0-2: Ball
1-2: Strikes out looking
Batting: RHB Eisse Bravenboer 0-0: Ball
1-0: Called Strike
1-1: Ball
2-1: Ball
3-1: Called Strike
3-2: Foul Ball, location: 2F
3-2: Foul Ball, location: 2F
3-2: Base on Balls
Batting: RHB Kaeo Zirpoli 0-0: Foul Ball, location: 2F
0-1: 2-RUN HOME RUN (Flyball, 7LD, EV 95.6 MPH), Distance : 374 ft
Batting: RHB Wally Cangro 0-0: Ball
1-0: Swinging Strike
1-1: Called Strike
1-2: SINGLE (Groundball, 56D, EV 103.8 MPH)
Batting: RHB Jose Morrissey 0-0: Ball
1-0: Ball
2-0: 2-RUN HOME RUN (Flyball, 9D, EV 98.1 MPH), Distance : 382 ft
Pitching: RHP Austin Akers
Batting: LHB Mike Holt 0-0: Ball
1-0: Called Strike
1-1: Fly out, F6 (Popup, 4M, EV 51.9 MPH)
Batting: SHB Phil Zacharia 0-0: Swinging Strike
0-1: Ball
1-1: Called Strike
1-2: Strikes out looking
Top of the 4th over - 4 runs, 3 hits, 0 errors, 0 left on base; San Diego 5 - St. Louis 1
BOTTOM OF THE 4TH
St. Louis Cardinals batting - Pitching for San Diego Padres : LHP Matt Wheeler
Batting: LHB Ichiro Toyota 0-0: Called Strike
0-1: Ball
1-1: Ball
2-1: Ground out 6-3 (Groundball, 6S, EV 65.0 MPH)
Batting: RHB Melvin Enriquez 0-0: Called Strike
0-1: Ball
1-1: Ground out 6-3 (Groundball, 6, EV 85.6 MPH)
Batting: RHB Danny Gallo 0-0: SINGLE (Line Drive, 3D, EV 111.2 MPH)
Batting: SHB Chris Blue 0-0: Called Strike
0-1: Ball
1-1: Foul Ball, location: 2F
1-2: Foul Ball, location: 2F
1-2: Strikes out looking
Bottom of the 4th over - 0 runs, 1 hit, 0 errors, 1 left on base; San Diego 5 - St. Louis 1
TOP OF THE 5TH
San Diego Padres batting - Pitching for St. Louis Cardinals : RHP Austin Akers
Now in CF: Tommy Boudreaux
Pinch Hitting: RHB Brian DeVoe 0-0: Ball
1-0: Swinging Strike
1-1: Ball
2-1: Swinging Strike
2-2: Foul Ball, location: 2F
2-2: Foul Ball, location: 2F
2-2: Ball
3-2: Base on Balls
Batting: RHB Manny Vergara 0-0: Foul Ball, location: 2F
0-1: Ground out 5-3 (Groundball, 56S, EV 66.2 MPH)
Brian DeVoe to second
Batting: RHB Luis Torres 0-0: Ball
1-0: Swinging Strike
1-1: Foul Ball, location: 2F
1-2: Ground out 4-3 (Groundball, 34, EV 86.2 MPH)
Brian DeVoe to third
Pinch Hitting: SHB Adam Martin 0-0: Called Strike
0-1: Ball
1-1: Ball
2-1: Swinging Strike
2-2: Strikes out looking
Top of the 5th over - 0 runs, 0 hits, 0 errors, 1 left on base; San Diego 5 - St. Louis 1
BOTTOM OF THE 5TH
St. Louis Cardinals batting - Pitching for San Diego Padres : LHP Matt Wheeler
Pitching: RHP Tom Ackerman
Now at C: Hugo MacBeth
Now at 1B: Andy Sheridan
Now at 2B: Brian DeVoe
Now at 3B: Rodolfo Rivera
Now in LF: Carlos Cuellar
Batting: SHB Harry Hoop 0-0: Ball
1-0: Ball
2-0: Ball
3-0: Base on Balls
Batting: SHB Jason Kirby 0-0: SINGLE (Line Drive, 78S, EV 93.8 MPH)
Harry Hoop to second
Batting: RHB Fabrice Bertin 0-0: Ball
1-0: Foul Ball, location: 2F
1-1: Swinging Strike
1-2: Foul Ball, location: 2F
1-2: Ball
2-2: Hit by Pitch
Harry Hoop to third
Jason Kirby to second
Pinch Runner at 1st Joe Alley:
Pinch Hitting: RHB Klaas Meij 0-0: Called Strike
0-1: Called Strike
0-2: Ball
1-2: Foul Ball, location: 2F
1-2: Grounds into double play, 4-6-3 (Groundball, 4, EV 88.1 MPH)
Harry Hoop scores
Jason Kirby to third
Batting: SHB Antoine Roux 0-0: Ball
1-0: Ball
2-0: Swinging Strike
2-1: Called Strike
2-2: Fly out, F7 (Flyball, 7, EV 90.6 MPH)
Bottom of the 5th over - 1 run, 1 hit, 0 errors, 1 left on base; San Diego 5 - St. Louis 2
TOP OF THE 6TH
San Diego Padres batting - Pitching for St. Louis Cardinals : RHP Austin Akers
Now at C: Kalidas Mishra
Now at 1B: Joe Alley
Now at 2B: Klaas Meij
Now at 3B: Antoine Roux
Now at SS: Luke Robbins
Batting: RHB Kaeo Zirpoli 0-0: Called Strike
0-1: Ball
1-1: Ball
2-1: Ground out 4-3 (Groundball, 4, EV 87.5 MPH)
Batting: RHB Andy Sheridan 0-0: Ball
1-0: Ground out 5-3 (Groundball, 5, EV 85.6 MPH)
Batting: RHB Rodolfo Rivera 0-0: Foul Ball, location: 2F
0-1: Swinging Strike
0-2: Ground out U3 (Groundball, 34D, EV 100.6 MPH)
Top of the 6th over - 0 runs, 0 hits, 0 errors, 0 left on base; San Diego 5 - St. Louis 2
BOTTOM OF THE 6TH
St. Louis Cardinals batting - Pitching for San Diego Padres : RHP Tom Ackerman
Batting: RHB Tommy Boudreaux 0-0: Swinging Strike
0-1: Ball
1-1: Ball
2-1: Ground out 6-3 (Groundball, 6, EV 111.9 MPH)
Pinch Hitting: RHB Jordan Diaz 0-0: SINGLE (Line Drive, 7S, EV 100.6 MPH)
Pinch Hitting: LHB Pat Sutton 0-0: Called Strike
0-1: Ball
1-1: Called Strike
1-2: Foul Ball, location: 2F
1-2: Strikes out swinging
Batting: SHB Luke Robbins 0-0: Called Strike
0-1: Ball
1-1: Ball
2-1: Swinging Strike
2-2: Foul Ball, location: 2F
2-2: Ball
3-2: Strikes out swinging
Bottom of the 6th over - 0 runs, 1 hit, 0 errors, 1 left on base; San Diego 5 - St. Louis 2
TOP OF THE 7TH
San Diego Padres batting - Pitching for St. Louis Cardinals : RHP Austin Akers
Pitching: RHP Chris Moore
Now in LF: Pat Sutton
Now in RF: Jordan Diaz
Batting: LHB Mike Holt 0-0: Ball
1-0: Ball
2-0: Ball
3-0: Base on Balls
Batting: RHB Hildo Pot 0-0: Called Strike
0-1: Called Strike
0-2: Ball
1-2: Foul Ball, location: 2F
1-2: Ball
2-2: Foul Ball, location: 2F
2-2: Ball
3-2: Base on Balls
Mike Holt to second
Batting: RHB Brian DeVoe 0-0: Foul Ball, location: 2F
0-1: Ball
1-1: Foul Ball, location: 2F
1-2: Ball
2-2: Ball
3-2: SINGLE (Groundball, 56S, EV 77.5 MPH) (infield hit)
Mike Holt to third
Hildo Pot to second
Batting: LHB Carlos Cuellar 0-0: Ball
1-0: Ball
2-0: Called Strike
2-1: Foul Ball, location: 2F
2-2: SINGLE (Groundball, 4M, EV 103.8 MPH)
Mike Holt scores
Hildo Pot to third
Brian DeVoe to second
Runner from 3rd tries for Home, SAFE, throw by CF to home
Pinch Hitting: LHB Angel Mejia 0-0: Ball
1-0: Called Strike
1-1: Called Strike
1-2: Strikes out swinging
Batting: LHB Hugo MacBeth 0-0: Called Strike
0-1: SINGLE (Groundball, 56D, EV 96.2 MPH)
Brian DeVoe to third
Carlos Cuellar to second
Runner from 3rd tries for Home, throw by LF and OUT! 7-2
Batting: RHB Kaeo Zirpoli 0-0: Called Strike
0-1: Swinging Strike
0-2: TRIPLE (Flyball, 78XD, EV 103.8 MPH)
Carlos Cuellar scores
Hugo MacBeth scores
Pitching: LHP Ed Gates
Batting: RHB Andy Sheridan 0-0: Ball
1-0: Swinging Strike
1-1: Fly out, F6 (Popup, 6MD, EV 53.1 MPH)
Top of the 7th over - 4 runs, 4 hits, 0 errors, 1 left on base; San Diego 9 - St. Louis 2
BOTTOM OF THE 7TH
St. Louis Cardinals batting - Pitching for San Diego Padres : RHP Tom Ackerman
Pitching: RHP Carlos Sepulveda
Now at 2B: Angel Mejia
Now at SS: Brian DeVoe
Batting: RHB Kalidas Mishra 0-0: Called Strike
0-1: Ground out 3-1 (Groundball, 34, EV 82.5 MPH)
Batting: LHB Billy Guzman 0-0: Ball
1-0: Called Strike
1-1: Foul Ball, location: 2F
1-2: Ball
2-2: Foul Ball, location: 2F
2-2: Ball
3-2: Foul Ball, location: 2F
3-2: Base on Balls
Batting: RHB Joe Alley 0-0: Ball
Billy Guzman is caught stealing 2nd base 2-4
1-0: Ball
2-0: Ground out 6-3 (Groundball, 4M, EV 84.4 MPH)
Bottom of the 7th over - 0 runs, 0 hits, 0 errors, 0 left on base; San Diego 9 - St. Louis 2
TOP OF THE 8TH
San Diego Padres batting - Pitching for St. Louis Cardinals : LHP Ed Gates
Pitching: RHP Danny Cook
Batting: RHB Rodolfo Rivera 0-0: Ball
1-0: Foul Ball, location: 2F
1-1: Called Strike
1-2: Ball
2-2: Foul Ball, location: 2F
2-2: Foul Ball, location: 2F
2-2: Foul Ball, location: 2F
2-2: Ball
3-2: Base on Balls
Batting: LHB Mike Holt 0-0: Ball
1-0: Foul Ball, location: 2F
1-1: Called Strike
1-2: Ball
2-2: DOUBLE (Flyball, 78XD, EV 95.0 MPH)
Rodolfo Rivera to third
Batting: RHB Hildo Pot 0-0: Called Strike
0-1: Ball
1-1: Ball
2-1: Foul Ball, location: 2F
2-2: Foul Ball, location: 2F
2-2: Ball
3-2: Base on Balls
Batting: RHB Brian DeVoe 0-0: Called Strike
0-1: Swinging Strike
0-2: Ball
1-2: Foul Ball, location: 2F
1-2: Fly out, F8 (Line Drive, 8RD, EV 93.1 MPH)
Runner from 3rd tags up, SCORES, no throw by CF
Batting: LHB Carlos Cuellar 0-0: Ball
1-0: Called Strike
1-1: Called Strike
1-2: Strikes out swinging
Batting: LHB Angel Mejia 0-0: Ball
1-0: Called Strike
1-1: Swinging Strike
1-2: Ball
2-2: Foul Ball, location: 2F
2-2: Strikes out looking
Top of the 8th over - 1 run, 1 hit, 0 errors, 2 left on base; San Diego 10 - St. Louis 2
BOTTOM OF THE 8TH
St. Louis Cardinals batting - Pitching for San Diego Padres : RHP Carlos Sepulveda
Batting: RHB Klaas Meij 0-0: Called Strike
0-1: Ball
1-1: Foul Ball, location: 2F
1-2: Ball
2-2: Fly out, F9 (Flyball, 9, EV 95.6 MPH)
Pinch Hitting: RHB Immel Kamuzu 0-0: Called Strike
0-1: Ball
1-1: Foul Ball, location: 2F
1-2: Ball
2-2: Strikes out swinging
Batting: RHB Tommy Boudreaux 0-0: Called Strike
0-1: TRIPLE (Flyball, 78XD, EV 90.6 MPH)
Batting: RHB Jordan Diaz 0-0: Called Strike
0-1: Fly out, F5 (Line Drive, 56, EV 67.5 MPH)
Bottom of the 8th over - 0 runs, 1 hit, 0 errors, 1 left on base; San Diego 10 - St. Louis 2
TOP OF THE 9TH
San Diego Padres batting - Pitching for St. Louis Cardinals : RHP Danny Cook
Pitching: LHP Tsugunosuke Murakami
Now at 3B: Immel Kamuzu
Batting: LHB Hugo MacBeth 0-0: Ball
1-0: Foul Ball, location: 2F
1-1: Foul Ball, location: 2F
1-2: Foul Ball, location: 2F
1-2: Strikes out looking
Pitching: RHP Rafael Montano
Batting: RHB Kaeo Zirpoli 0-0: Foul Ball, location: 2F
0-1: Foul Ball, location: 2F
0-2: Ball
1-2: Ground out 5-3 (Groundball, 5, EV 105.0 MPH)
Pinch Hitting: LHB Aaron LeBlanc 0-0: Ball
1-0: Ground out U3 (Groundball, 3, EV 90.0 MPH)
Top of the 9th over - 0 runs, 0 hits, 0 errors, 0 left on base; San Diego 10 - St. Louis 2
BOTTOM OF THE 9TH
St. Louis Cardinals batting - Pitching for San Diego Padres : RHP Carlos Sepulveda
Pitching: RHP Angelo Radford
Now at 1B: Aaron LeBlanc
Batting: LHB Pat Sutton 0-0: SOLO HOME RUN (Flyball, 9LD, EV 90.0 MPH), Distance : 348 ft
Batting: SHB Luke Robbins 0-0: Swinging Strike
0-1: DOUBLE (Groundball, 5L, EV 96.9 MPH)
Batting: RHB Kalidas Mishra 0-0: Ball
1-0: Fly out, F9 (Flyball, 9S, EV 86.2 MPH)
Batting: LHB Billy Guzman 0-0: Ball
1-0: Called Strike
1-1: Called Strike
1-2: Strikes out looking
Batting: RHB Joe Alley 0-0: Ball
Wild Pitch!
Luke Robbins to third
1-0: Ball
2-0: Called Strike
2-1: Swinging Strike
2-2: Fly out, F7 (Flyball, 7D, EV 107.5 MPH)
Bottom of the 9th over - 1 run, 2 hits, 0 errors, 1 left on base; San Diego 10 - St. Louis 3
Tuesday, March 28th , 2023 - OOTP Baseball 23.10 Build 110